 Dungeon Crawl Stone Soup version 0.25.0-9-g26727b657a (webtiles) character file.

Game seed: 12011719374783254963

107 mopl the Chopper (level 4, 0/33 HPs)
             Began as a Demonspawn Gladiator on June 18, 2020.
             Slain by a leopard gecko (4 damage)
             ... on level 3 of the Dungeon.
             The game lasted 00:01:58 (1651 turns).

mopl the Chopper (Demonspawn Gladiator)             Turns: 1651, Time: 00:01:59

Health: 0/33       AC:  3    Str: 15    XL:     4   Next: 57%
Magic:  4/4        EV:  9    Int: 10    God:
Gold:   107        SH:  7    Dex: 14    Spells: 3/3 levels left

rFire    . . .     SeeInvis .   a - +0 war axe
rCold    + . .     Gourm    .   k - +0 kite shield
rNeg     . . .     Faith    .   b - +0 leather armour
rPois    .         Spirit   .   (helmet restricted)
rElec    .         Reflect  .   (no cloak)
rCorr    .         Harm     .   (no gloves)
MR       .....                  (no boots)
Stlth    +.........             (no amulet)
HPRegen  0.11/turn              g - ring of protection from cold
MPRegen  0.09/turn              (no ring)

@: no status effects
A: horns 1, powered by pain 1
a: no special abilities


You were on level 3 of the Dungeon.
You were not hungry.

You visited 1 branch of the dungeon, and saw 3 of its levels.

You collected 107 gold pieces.

Inventory:

Hand Weapons
 a - a +0 war axe (weapon)
Missiles
 d - 3 throwing nets (quivered)
Armour
 b - a +0 leather armour (worn)
 c - a +0 helmet
 k - a +0 kite shield (worn)
Jewellery
 g - a ring of protection from cold (left hand)
 p - an uncursed ring of wizardry
Scrolls
 h - a scroll of enchant weapon {unknown}
 i - 2 scrolls of magic mapping {unknown}
 j - 2 scrolls of identify {unknown}
 l - a scroll of random uselessness {unknown}
 m - 2 scrolls of remove curse {unknown}
 q - a scroll of enchant armour {unknown}
 r - a scroll of teleportation {unknown}
Potions
 e - 2 potions of degeneration {unknown}
 n - 2 potions of stabbing {unknown}
Comestibles
 f - 2 rations
 o - 2 chunks of flesh


   Skills:
 - Level 2.0 Fighting
 + Level 4.9 Axes
 - Level 1.7 Throwing
 - Level 2.6 Dodging


You had 3 spell levels left.
You didn't know any spells.
Your spell library was empty.

Dungeon Overview and Level Annotations

Branches:
Dungeon (3/15)

Altars:


Innate Abilities, Weirdness & Mutations

You have a pair of small horns on your head.
You sometimes gain a little power by taking damage.


Message History

The leopard gecko closely misses you. The leopard gecko bites you.
You are too injured to fight recklessly!
You are too injured to fight recklessly!
You are too injured to fight recklessly!
A leopard gecko is nearby!
You are too injured to fight recklessly!
You miss the leopard gecko.
The leopard gecko is moderately wounded.
You block the leopard gecko's attack. The leopard gecko bites you.
You closely miss the leopard gecko. Your headbutt misses the leopard gecko.
The leopard gecko is moderately wounded.
The leopard gecko bites you.
* * * LOW HITPOINT WARNING * * *
Your shield prevents you from hitting the leopard gecko.
Your headbutt misses the leopard gecko.
The leopard gecko is moderately wounded.
The leopard gecko bites you.
* * * LOW HITPOINT WARNING * * *
The leopard gecko bites you.
You die...

#.# ###.#
..#.# #.#.#
#.#.# #.#.#
#.#.###
####.#l#...#
.......@.#.#
####.#####.#
.# #. . .#
.#


You could see a leopard gecko.

Vanquished Creatures
  A hound (D:3)
  2 adders (D:2)
  2 oozes (D:2)
  2 worms
  A dart slug (D:2)
  3 giant cockroaches
  4 goblins
  4 hobgoblins (D:2)
  6 jackals (D:1)
  7 kobolds
  3 quokkas
  2 bats
  3 frilled lizards
  6 rats
46 creatures vanquished.

Notes
Turn   | Place    | Note
-------+----------+-------------------------------------------
     0 | D:1      | mopl the Demonspawn Gladiator began the quest for the Orb.
     0 | D:1      | Reached XP level 1. HP: 16/16 MP: 1/1
    82 | D:1      | Reached skill level 3 in Axes
   129 | D:1      | Gained mutation: You have a pair of small horns on your
                  | head. [demonic ancestry]
   129 | D:1      | Reached XP level 2. HP: 16/22 MP: 2/2
   798 | D:2      | Reached XP level 3. HP: 27/27 MP: 3/3
   852 | D:2      | Reached skill level 4 in Axes
   873 | D:2      | HP: 1/27 [adder (3)]
  1209 | D:2      | Gained mutation: You sometimes gain a little power by
                  | taking damage. [demonic ancestry]
  1209 | D:2      | Reached XP level 4. HP: 22/33 MP: 4/4
  1651 | D:3      | Slain by a leopard gecko

Illustrated notes

Levels and vault maps discovered:
D:1:      dpeg_arrival_brainrot, layout_loops_ring, hex_medium,
          minmay_hedge_maze
D:2:      layout_basic, dk_noncrumbling_4, chequers_serial_rivers_micro_e,
          minmay_indecisive_spiral
D:3:      minmay_roachtagon, layout_basic, first_ration

Skill      XL: |  1  2  3 |
---------------+----------+-----
Axes           | 3 4 |  4.9
Fighting       | |  2.0
Throwing       | |  1.7
Dodging        | |  2.6

Action                   |  1- 3 |  4- 6 || total
-------------------------+-------+-------++-------
Melee: War axe           |   121 |    42 ||   163
       Headbutt          |    13 |     7 ||    20
 Stab: Sleeping          |     1 |     1 ||     2
       Distracted        |     1 |       ||     1
  Eat: Chunk             |     1 |     2 ||     3
Armor: Leather armour    |    34 |    16 ||    50
Dodge: Dodged            |    74 |    25 ||    99
Block: Kite shield       |    22 |    14 ||    36
